 Dungeon Crawl Stone Soup version 0.28-a0-861-ge64d6db94f (webtiles) character file.

Game seed: 10133159235867647533

624 senseless the Covered (level 7, -5/61 (64) HPs)
             Began as a Minotaur Fighter on Nov 15, 2021.
             Was a Believer of the Shining One.
             Slain by a wight (6 damage)
             ... on level 4 of the Dungeon.
             The game lasted 00:11:42 (2977 turns).

senseless the Covered (Minotaur Fighter)            Turns: 2977, Time: 00:11:42

HP:   -5/61 (64)    AC: 10    Str: 23    XL:     7   Next: 22%
MP:   6/6           EV:  8    Int: 11    God:    the Shining One [**....]
Gold: 399           SH:  5    Dex: 12    Spells: 5/6 levels left

rFire   + . .      SeeInvis .   a - +1 war axe (flame)
rCold   x . .      Faith    .   c - +0 buckler
rNeg    + . .      Spirit   .   k - +0 chain mail
rPois   .          Reflect  .   (helmet restricted)
rElec   .          Harm     .   (no cloak)
rCorr   .          Rampage  .   (no gloves)
Will    .....                   (no boots)
Stlth   ..........              t - amulet of regeneration
HPRegen 1.20/turn               j - +6 ring of intelligence
MPRegen 0.10/turn               f - ring "Qiociaf" {Fire Dex+3}

@: lethally poisoned (-5 -> -14), about to teleport, glowing, lightly drained
A: horns 2, retaliatory headbutt
a: Renounce Religion, Divine Shield


You were on level 4 of the Dungeon.
You worshipped the Shining One.
The Shining One was pleased with you.
You visited 1 branch of the dungeon, and saw 4 of its levels.
You also visited: Ossuary.

You collected 407 gold pieces.
You donated 8 gold pieces to Zin.

Inventory:

Hand Weapons
 a - a +1 war axe of flaming (weapon)
Armour
 b - a +0 scale mail
 c - a +0 buckler (worn)
 k - a +0 chain mail (worn)
Jewellery
 f - the ring "Qiociaf" (right hand) {Fire Dex+3}
   (You acquired it on level 4 of the Dungeon)

   [ring of fire]

   It enhances your fire magic.
   Dex:       It affects your dexterity (+3).
   rF:        It protects you from fire.
   rC:        It makes you vulnerable to cold.
 j - a +6 ring of intelligence (left hand)
 s - a ring of wizardry
 t - an amulet of regeneration (around neck)
Scrolls
 e - 4 scrolls of enchant weapon
 g - a scroll of teleportation
 l - a scroll of fear {unknown}
 m - 2 scrolls of fog {unknown}
 y - a scroll of enchant armour {unknown}
 A - a scroll of amnesia {unknown}
Potions
 d - a potion of might
 h - a potion of lignification {unknown}
 i - 3 potions of attraction
 n - 2 potions of cancellation
 o - a potion of haste {unknown}
 p - 2 potions of flight
 q - 3 potions of mutation
 r - a potion of ambrosia {unknown}
 u - a potion of heal wounds {unknown}
 v - a potion of invisibility {unknown}
 w - a potion of curing {unknown}
 x - a potion of brilliance {unknown}
 z - a potion of magic


   Skills:
 + Level 6.4 Fighting
 + Level 5.8 Axes
 + Level 6.4 Armour
 - Level 4.0 Shields


You had 5 spell levels left.
You knew the following spells:

 Your Spells              Type           Power      Damage    Failure   Level
a - Shock                 Conj/Air       0%         1d3       94%         1

Your spell library contained the following spells:

 Spells                   Type           Power      Damage    Failure   Level
 Swiftness                Air            0%         N/A       100%        3
 Airstrike                Air            0%         N/A       100%        4


Dungeon Overview and Level Annotations

Branches:
Dungeon (4/15)            Ossuary (visited)
 Temple: D:4-7

Altars:
Gozag
Makhleb
Wu Jian
Zin
The Shining One


Innate Abilities, Weirdness & Mutations

You have a pair of horns on your head.
You reflexively headbutt those who attack you in melee.


Message History

The wight hits you with a +4 mace of freezing.
You partially resist.
You feel drained. The wight freezes you.
You hit the wight. You burn the wight.
The wight is severely damaged.
You hit the wight but do no damage.
You feel sick. The wight hits you but does no damage.
You are more poisoned.
You block the wight's attack.
You feel sick.
You hit the wight but do no damage. Your headbutt misses the wight.
The wight is severely damaged.
You feel sick.
The wight hits you with a +2 short sword of venom!
You are more poisoned.
You hit the wight but do no damage.
You headbutt the wight, but do no damage.
The wight is severely damaged.
You feel extremely sick. The wight hits you but does no damage.
The wight hits you with a +2 short sword of venom.
You are too injured to fight recklessly!
You hit the wight but do no damage. You headbutt the wight.
The wight is almost destroyed.
You feel very sick.
The wight hits you with a +2 short sword of venom.
* * * LOW HITPOINT WARNING * * *
You partially resist.
You feel drained.
You are lethally poisoned!
Okay, then.
As you read the scroll of teleportation, it crumbles to dust.
You feel strangely unstable.
* * * LOW HITPOINT WARNING * * *
You feel extremely sick.
The wight hits you with a +2 short sword of venom!
* * * LOW HITPOINT WARNING * * *
It was a potion of magic.
Magic courses through your body.
* * * LOW HITPOINT WARNING * * *
You feel very sick.
The wight hits you with a +2 short sword of venom.
You die...

*,,,,*#.# #....#.#####.(.....(.
*,,,,,..# #........))....######
********* #.####.#.############
#.# #.#.####......## #.#
#.#...##......# *********
#.####.#...##......# *,,,,,,,*
#..........##......## *,,,,,,,*
##.#####...##........
*>,,,,,,***#zz@..#...##......##
*,,,,,,,,,,#)###.....##......##
*,,,,,,,**...* #(.#####........
*,,,,,,,*###.**#..# #.......<
*,,,,,,,**,..,,#..#***#..>...#.
****,*****,##*,#...,,,########.
*,,,,,,,* *,...##*,* #....
**,******* *#(..# *,* #.###
*,,,,* #...# *,* #.#


You could see 2 wights.

Vanquished Creatures
  A necrophage (D:4)
  An ogre (D:4)
  A wight (D:4)
  A hound (D:4)
  An orc priest (D:3)
  Jessica (D:2)
  An iguana (D:4)
  2 orc wizards (D:3)
  8 mummies (Ossuary)
  5 adders
  A worm (D:4)
  2 dart slugs
  12 orcs
  5 bats
  7 endoplasms
  A gnoll zombie (Ossuary)
  9 goblins
  7 hobgoblins
  6 jackals
  4 quokkas
  4 ball pythons
  10 frilled lizards
  2 hobgoblin zombies (Ossuary)
  6 kobolds
  5 orc zombies (Ossuary)
  2 rats
105 creatures vanquished.

Vanquished Creatures (others)
  9 plants (D:2)
9 creatures vanquished.

Grand Total: 114 creatures vanquished

Notes
Turn   | Place    | Note
-------+----------+-------------------------------------------
     0 | D:1      | senseless the Minotaur Fighter began the quest for the Orb.
     0 | D:1      | Reached XP level 1. HP: 19/19 MP: 0/0
    79 | D:1      | Reached XP level 2. HP: 24/27 MP: 1/1
   557 | D:1      | Found a faded altar of an unknown god.
   564 | D:1      | Prayed at the altar of an unknown god.
   564 | D:1      | Became a worshipper of Zin the Law-Giver
   564 | D:1      | Reached * piety under Zin
   751 | D:2      | Reached XP level 3. HP: 33/33 MP: 2/2
   979 | D:2      | Reached ** piety under Zin
   995 | D:2      | Noticed Jessica
  1005 | D:2      | Killed Jessica
  1006 | D:2      | Reached XP level 4. HP: 21/41 MP: 3/3
  1219 | D:2      | Found a burning altar of Makhleb.
  1461 | D:3      | HP: 2/41 [orc (3)]
  1784 | D:3      | Found an opulent altar of Gozag.
  1802 | D:3      | Learned a level 1 spell: Shock
  1855 | D:3      | Reached XP level 5. HP: 47/47 MP: 4/4
  1958 | D:3      | Reached skill level 5 in Fighting
  1964 | D:3      | Reached skill level 5 in Armour
  2075 | D:3      | Found a glowing golden altar of the Shining One.
  2078 | D:3      | Fell from the grace of Zin
  2078 | D:3      | Became a worshipper of the Shining One
  2094 | D:3      | Reached * piety under the Shining One
  2260 | D:4      | Identified a scroll of acquirement
  2260 | D:4      | Acquired the ring "Qiociaf" {Fire Dex+3}
  2318 | D:4      | Found a sand-covered staircase.
  2329 | Ossuary  | Entered an ossuary
  2337 | Ossuary  | Reached XP level 6. HP: 56/56 MP: 1/5
  2376 | Ossuary  | Reached ** piety under the Shining One
  2394 | Ossuary  | Reached skill level 5 in Axes
  2759 | D:4      | Found an ornate altar of the Wu Jian Council.
  2823 | D:4      | Reached XP level 7. HP: 62/63 MP: 6/6
  2977 | D:4      | HP: 1/61 [poisoned by a wight]
  2977 | D:4      | Slain by a wight

Illustrated notes

Levels and vault maps discovered:
D:1:      saegor_arrival_simple_a, layout_basic,
          dilly_ecumenical_altar_fadedgnrine
D:2:      minmay_recursive_quarters, layout_rooms, basic_altar,
          minmay_lizard_king, uniq_jessica
D:3:      layout_rooms, nicolae_overflow_crystal_walls, tso_oasis_becter,
          kennysheep_path_1
D:4:      layout_basic, yredelemnul_forgotten_temple_becter,
          overflow_temple_1_default, nicolae_ossuary_entry_ruins

Skill      XL: |  1  2  3  4  5  6 |
---------------+-------------------+-----
Shields        | 4 |  4.0
Fighting       | 4 5 6 |  6.4
Armour         | 4 5 6 |  6.4
Axes           | 3 4 5 |  5.8

Action                   |  1- 3 |  4- 6 |  7- 9 || total
-------------------------+-------+-------+-------++-------
Melee: War axe           |    70 |   112 |    10 ||   192
       Headbutt          |     9 |    11 |     3 ||    23
 Cast: Shock             |       |     4 |       ||     4
Invok: Divine Shield     |       |     1 |       ||     1
  Use: Scroll            |       |    10 |     2 ||    12
       Potion            |       |       |     1 ||     1
Armor: Scale mail        |    49 |    44 |       ||    93
       Chain mail        |       |    10 |     2 ||    12
Dodge: Dodged            |    37 |    42 |     3 ||    82
Block: Buckler           |    13 |    29 |     2 ||    44

Table legend: (Time is in decaauts)
 A = Elapsed time spent in this place.
 B = Non-inter-level travel time spent in this place.
 C = Inter-level travel time spent in this place.
 D = Time resting spent in this place.
 E = Time spent auto-exploring this place.
 F = Levels seen in this place.
 G = Mean time per level.
                   A        B        C        D        E       F      G
               +--------+--------+--------+--------+--------+-----+--------+
         Total |   3031 |   2953 |     78 |      0 |   2302 |   5 |  606.2 |
       Dungeon |   2829 |   2751 |     78 |      0 |   2169 |   4 |  707.2 |
       Ossuary |    202 |    202 |      0 |      0 |    133 |   1 |  202.0 |
               +--------+--------+--------+--------+--------+-----+--------+

Top non-repeatable levels by time:
     D:3: 840 daAuts
     D:1: 758 daAuts
     D:2: 696 daAuts
     D:4: 533 daAuts
 Ossuary: 202 daAuts
